AoeStats
← bpaquereau

Arabian Desert

509073530Analyzed
1v1 RM · 7d ago on Sep 25, 2026· 17m 18s· 2 players
Game mode
Random Map
Map size
Tiny (2 player)
Population
200
Speed
Normal
Resources
Standard
Victory
Conquest
Starting age
Dark Age
Ending age
Imperial Age
RankedLock teamsTeams togetherTeam positionsShared explorationLock speedFull tech treeHidden civsTurbo modeCheats
Victory
Defeat
🇬🇧 Danes · United Kingdom
1233
+15
🇫🇷 Japanese · France
1212
-15
bpaquereau
3:23 Loom
10:16 Feudal Age
15:26 Man-at-Arms
ButtStuff
7:59 Loom
9:50 Feudal Age
9:52 Man-at-Arms
10:18 Arson
13:54 Fletching
14:04 Padded Archer Armor
16:51 Padded Archer Armor
Connection lost

Rejoining the realm…

Still unreachable

The connection could not be restored.

Session expired

The server has moved on; the page needs a fresh start.